 Dungeon Crawl Stone Soup version 0.16-a0-296-gbdb9f68 (webtiles) character file.

98150 Johnny the Conjurer (level 15, -29/111 HPs)
             Began as a Demigod Conjurer on Aug 27, 2014.
             Killed from afar by a fire giant (41 damage)
             ... with a fireball
             ... on Level 9 of the Dungeon on Aug 29, 2014.
             The game lasted 05:07:12 (52681 turns).

Johnny the Conjurer (Demigod Conjurer)             Turns: 52681, Time: 05:07:12

HP -29/111       AC 36     Str 15      XL: 15   Next: 29%
MP   0/37        EV 15     Int 24      God:
Gold 1390        SH  0     Dex 23      Spells: 13 memorised,  3 levels left

rFire  . . .     SeeInvis .     o - +4 short sword (protect)
rCold  + . .     Clarity  .     D - +4 scale mail of Irygimicuos {rC+ Str+1 Dex+3}
rNeg   . . .     rCorr    .     (no shield)
rPois  +         rRot     .     K - +1 helmet
rElec  .         Spirit   +     k - +0 cloak {MR+}
SustAb .         Warding  .     X - +1 pair of gloves
rMut   .         Stasis   .     U - +0 pair of boots
Gourm  .                        j - amulet of guardian spirit
MR     +....                    e - ring of poison resistance
                                C - ring of Robustness {AC+8}

@: stone skin, vulnerable, repel missiles, somewhat resistant to hostile
enchantments, unstealthy
A: no striking features
a: no special abilities


You were on level 9 of the Dungeon.
You were not hungry.

You visited 5 branches of the dungeon, and saw 29 of its levels.

You collected 3173 gold pieces.
You spent 1783 gold pieces at shops.

Inventory:

Hand weapons
 o - a +4 short sword of protection (weapon)
 x - a +2 dagger of holy wrath
Armour
 k - a +0 cloak of magic resistance (worn)
 A - the +2 scale mail "Tryh" {MR++ Str+3}
   (You found it on level 8 of the Lair of Beasts)

   It affects your strength (+3).
   It affects your resistance to hostile enchantments.
 D - the +4 scale mail of Irygimicuos (worn) {rC+ Str+1 Dex+3}
   (You found it on level 8 of the Dungeon)

   It affects your strength (+1).
   It affects your dexterity (+3).
   It protects you from cold.
 K - a +1 helmet (worn)
 N - a +0 robe of the Archmagi
 U - a +0 pair of boots (worn)
 X - a +1 pair of gloves (worn)
Magical devices
 m - a wand of fire (0)
 y - a wand of disintegration (3)
 z - a wand of draining (0)
 B - a wand of digging (11)
 M - a wand of cold (0)
 R - a wand of digging (2)
 W - a wand of heal wounds (0)
Comestibles
 b - 6 bread rations
 f - 5 slices of pizza
 h - 12 meat rations
Scrolls
 d - 5 scrolls of remove curse
 n - a scroll of brand weapon
 t - a scroll of amnesia
 F - a scroll of holy word
 J - a scroll of vulnerability
 L - a scroll of identify
Jewellery
 e - a ring of poison resistance (right hand)
 j - an amulet of guardian spirit (around neck)
 C - the ring of Robustness (left hand) {AC+8}
   (You took it off an orc on level 13 of the Dungeon)

   [ring of protection]

   It affects your AC (+8).
 E - an uncursed ring of teleport control
 H - an uncursed ring of sustain abilities
 P - an uncursed amulet of clarity
 Q - the amulet "Mauwyss" {rCorr rC+}
   (You found it on level 2 of the Lair of Beasts)

   [amulet of resist corrosion]

   It protects you from acid and corrosion.
   It protects you from cold.
Potions
 g - 2 potions of agility
 i - 4 potions of curing
 p - a potion of haste
 r - 2 potions of might
 u - a potion of cancellation
Books
 c - a book of Conjurations

   Spells                             Type                      Level
   *Magic Dart                        Conjuration                  1
   *Searing Ray                       Conjuration                  2
   *Dazzling Spray                    Conjuration/Hexes            3
   Fulminant Prism                    Conjuration/Hexes            4
   *Iskenderun's Mystic Blast         Conjuration                  4
   *Iskenderun's Battlesphere         Conjuration/Charms           5
 q - Sif Muna's Handbook of Battle Magic
   (You found it on level 4 of the Orcish Mines)

   Spells                             Type                      Level
   Sting                              Conjuration/Poison           1
 G - a book of Transfigurations

   Spells                             Type                      Level
   *Stoneskin                         Transmutation/Earth          2
   Ice Form                           Ice/Transmutation            4
   Statue Form                        Transmutation/Earth          6
   Dragon Form                        Transmutation                7
 I - a Necronomicon {highlevel}

   This book is beyond your current level of understanding.

   Spells                             Type                      Level
   Haunt                              Necromancy/Summoning         7
   Borgnjor's Revivification          Necromancy                   8
   Death's Door                       Charms/Necromancy            8
   Necromutation                      Transmutation/Necromancy     8
 O - a book of Air

   Spells                             Type                      Level
   Shock                              Conjuration/Air              1
   *Swiftness                         Charms/Air                   2
   *Repel Missiles                    Charms/Air                   2
   *Flight                            Charms/Air                   3
   *Static Discharge                  Conjuration/Air              3
   Lightning Bolt                     Conjuration/Air              5
 S - a book of the Sky

   Spells                             Type                      Level
   *Flight                            Charms/Air                   3
   Airstrike                          Air                          4
   Silence                            Hexes/Air                    5
   Deflect Missiles                   Charms/Air                   6
   Conjure Ball Lightning             Conjuration/Air              6
   Tornado                            Air                          9
 T - a book of Clouds

   Spells                             Type                      Level
   *Mephitic Cloud                    Conjuration/Poison/Air       3
   *Conjure Flame                     Conjuration/Fire             3
   Poisonous Cloud                    Conjuration/Poison/Air       6
   Freezing Cloud                     Conjuration/Ice/Air          6
   Ring of Flames                     Charms/Fire                  7
 Z - a book of Maledictions

   Spells                             Type                      Level
   Corona                             Hexes                        1
   Sure Blade                         Hexes/Charms                 2
   Ensorcelled Hibernation            Hexes/Ice                    2
   Confuse                            Hexes                        3
   *Dazzling Spray                    Conjuration/Hexes            3
   *Enslavement                       Hexes                        4
Miscellaneous
 V - a crystal ball of energy


   Skills:
 + Level 4.7 Fighting
 + Level 3.3 Short Blades
 + Level 9.8 Armour
 + Level 10.1 Dodging
 + Level 5.1 Stealth
 + Level 13.3 Spellcasting
 + Level 13.9 Conjurations
 + Level 2.3 Hexes
 + Level 2.6 Charms
 + Level 0.1 Transmutations
 + Level 1.4 Fire Magic
 + Level 4.1 Air Magic
 + Level 0.6 Earth Magic
 + Level 1.0 Poison Magic
 + Level 3.4 Evocations


You had 3 spell levels left.
You knew the following spells:

 Your Spells              Type           Power        Failure   Level  Hunger
a - Magic Dart            Conj           ####         1%          1    None
b - Searing Ray           Conj           ######       1%          2    None
c - Dazzling Spray        Conj/Hex       ######..     1%          3    None
d - Static Discharge      Conj/Air       ######..     1%          3    None
e - Swiftness             Chrm/Air       ####....     4%          2    None
f - Repel Missiles        Chrm/Air       ####..       4%          2    None
g - Iskenderun's Mystic   Conj           ######..     1%          4    None
h - Mephitic Cloud        Conj/Pois/Air  #####...     2%          3    None
i - Conjure Flame         Conj/Fire      ######..     1%          3    None
j - Iskenderun's Battles  Conj/Chrm      ######..     12%         5    ##.....
k - Flight                Chrm/Air       ####......   10%         3    None
l - Stoneskin             Trmt/Erth      ###.....     17%         2    None
m - Enslavement           Hex            ####....     45%         4    None


Dungeon Overview and Level Annotations

Branches:
Dungeon (13/15)            Temple (0/1) D:7             Orc (4/4) D:10
   Lair (8/8) D:8          Shoals (0/5) Lair:5        Snake (3/5) Lair:5
  Slime (1/6) Lair:7       Vaults (0/5) D:13
    Elf: Orc:3-4

Shops:
D:5 %(*   D:6 *   D:12 }   Orc:4 =}![


Message History

Aim: a fire giant, wielding a great sword of flaming (noxious fumes, severely wounded, susceptible to magic) Nothing appears to happen.
Evoke which item? (* to show all) (? for menu, Esc to quit)
Zapping:
y - a wand of disintegration {zapped: 9}
Press: ? - help, Shift-Dir - straight line, f/p - fire giant
Aim: a fire giant, wielding a great sword of flaming (noxious fumes, severely wounded, susceptible to magic)
The fire giant is blasted.
The fire giant is engulfed in noxious fumes.
The fire giant hits you with a great sword of flaming!
* * * LOW HITPOINT WARNING * * *
The fire giant burns you.
* * * LOW HITPOINT WARNING * * *
Evoke which item? (* to show all) (? for menu, Esc to quit)
Zapping:
y - a wand of disintegration {zapped: 10}
Press: ? - help, Shift-Dir - straight line, f/p - fire giant
Aim: a fire giant, wielding a great sword of flaming (almost dead, susceptible to magic)
The fire giant resists with significant effort.
The fire giant casts a spell at you.
The fireball explodes!
The fireball engulfs you!
You die...

.# ##.# #.......#... ## #..#
##.######### #.## #).# #.#
##.# # #.# #.# # ####.######
#.# # #......§§!# #.## #
#.........########..####### #
###......§§C@................
#
##...........#########.#######
####..#.........# #.#
'....##.........# #.#
##########.###### #.## #
####.# #..# # #....# ##.# ##
#.#### #.# .# ##'###########
#.#


You could see a fire giant.

Vanquished Creatures
  Nikola (Snake:2)
  Snorg (Lair:6)
  A fire dragon (Lair:8)
  Josephine (D:12)
  9 hydras
  Harold (Orc:3)
  2 centaur warriors
  4 naga warriors
  2 anacondas
  6 death yaks
  An ogre mage (Orc:3)
  5 naga sharpshooters
  A salamander mystic (Snake:3)
  The ghost of ciphuk the Martial Artist, an experienced DrBe of Makhleb (D:8)
  4 hill giants
  2 lindwurms (Lair:8)
  4 orc knights (Orc:4)
  2 salamanders
  An oklob plant (Orc:2)
  4 griffons
  A water nymph (Lair:5)
  15 elephants
  3 mana vipers (Snake:2)
  Joseph (D:12)
  17 black mambas
  2 gargoyles
  3 naga magi (Snake:2)
  9 fire drakes
  9 komodo dragons
  23 spiny frogs
  2 polar bears
  5 trolls
  A merfolk (D:9)
  7 two-headed ogres
  3 giant leeches (Lair:8)
  9 blink frogs
  7 slime creatures
  A boulder beetle (Lair:6)
  3 basilisks
  2 deep elf magi
  A snapping turtle (Lair:5)
  A shadow (D:11)
  A griffon skeleton (D:11)
  A wraith (D:11)
  48 yaks
  5 wyverns
  A vampire mosquito (D:11)
  15 hippogriffs
  A soldier ant (D:10)
  11 wolves
  A warg (Orc:2)
  The ghost of WhatIsLove the Covered, an average GrFi (D:4)
  Edmund (D:6)
  2 hungry ghosts
  2 tengu zombies (D:12)
  An ogre skeleton (D:12)
  An ogre zombie (D:12)
  15 nagas
  2 mottled dragons
  17 water moccasins
  19 porcupines
  An ice beast (D:11)
  3 yellow wasps (D:10)
  A black bear (D:8)
  21 ogres
  5 sky beasts
  A boring beetle (Lair:8)
  3 phantoms
  24 orc warriors
  15 centaurs
  A manticore skeleton (D:10)
  Duvessa (D:9)
  19 crocodiles
  3 big kobolds
  15 giant frogs
  4 brain worms (Lair:8)
  3 scorpions
  8 wights (D:6)
  4 killer bees (D:10)
  An eye of draining (D:8)
  4 electric eels
  19 jellies
  Dowan (D:9)
  3 goliath beetles
  A quasit (D:11)
  7 crimson imps
  Crazy Yiuf (D:3)
  A centaur skeleton (D:4)
  11 iguanas
  10 orc priests
  12 hounds
  14 orc wizards
  2 two-headed ogre skeletons
  3 orange rats (Lair:8)
  10 worker ants
  12 sheep
  A hound zombie (D:6)
  A hound skeleton (D:4)
  2 mummies
  9 gnolls
  55 green rats
  An orc zombie (D:7)
  22 adders
  12 white imps (D:11)
  21 worms
  A giant mite (D:5)
  An adder skeleton (D:7)
  7 giant geckos
  2 oozes
  115 orcs
  A ball python (D:1)
  7 giant cockroaches
  18 goblins
  26 hobgoblins
  16 jackals
  40 kobolds
  20 bats
  A giant gecko skeleton (D:5)
  4 giant newts
  2 giant spores
  A jackal zombie (D:5)
  2 kobold skeletons (D:4)
  13 quokkas
  24 rats
  5 ballistomycetes
  A fungus (Lair:6)
  2 plants (Lair:8)
1000 creatures vanquished.

Vanquished Creatures (collateral kills)
  A gargoyle (D:11)
  A brain worm (Lair:8)
2 creatures vanquished.

Vanquished Creatures (others)
  An unseen horror (D:11)
  A black mamba (Snake:3)
  2 nagas (Snake:3)
  An iguana skeleton (D:11)
  An orc (D:12)
  A hobgoblin (D:11)
  2 giant spores (D:11)
  5 fungi
  11 plants
25 creatures vanquished.

Grand Total: 1027 creatures vanquished

Notes
Turn   | Place    | Note
--------------------------------------------------------------
     0 | D:1      | Johnny, the Demigod Conjurer, began the quest for the Orb.
     0 | D:1      | Reached XP level 1. HP: 14/14 MP: 3/3
   331 | D:1      | Reached XP level 2. HP: 20/20 MP: 1/4
   488 | D:1      | Reached skill level 4 in Conjurations
  1146 | D:2      | Reached XP level 3. HP: 26/26 MP: 0/8
  1150 | D:2      | Learned a level 2 spell: Searing Ray
  1154 | D:2      | Learned a level 3 spell: Dazzling Spray
  2058 | D:3      | Reached XP level 4. HP: 32/34 MP: 4/11
  2746 | D:3      | Reached XP level 5. HP: 39/39 MP: 5/12
  3498 | D:3      | Noticed Crazy Yiuf
  3505 | D:3      | Killed Crazy Yiuf
  3714 | D:4      | Reached skill level 5 in Conjurations
  3889 | D:4      | Reached XP level 6. HP: 46/46 MP: 4/16
  4054 | D:4      | Reached skill level 1 in Armour
  4396 | D:4      | Noticed WhatIsLove's ghost (average GrFi)
  4487 | D:4      | Reached skill level 1 in Short Blades
  4670 | D:4      | Killed WhatIsLove's ghost
  5110 | D:5      | Entered Level 5 of the Dungeon
  5151 | D:5      | Reached XP level 7. HP: 51/51 MP: 10/19
  5606 | D:5      | Found Gratz's Weapon Boutique.
  5977 | D:5      | Found Nifoorhu's Assorted Antiques.
  6501 | D:5      | Found Acidwaor's Food Shoppe.
  6665 | D:6      | Found a glowing drain.
  6823 | D:6      | Reached skill level 6 in Conjurations
  6831 | D:6      | Found Fosh's General Store.
  6859 | D:6      | Bought 2 potions of curing for 60 gold pieces
  6887 | D:6      | Reached XP level 8. HP: 50/58 MP: 8/22
  7172 | D:6      | Reached skill level 5 in Spellcasting
  7651 | D:6      | Noticed Edmund
  7667 | D:6      | Killed Edmund
  7667 | D:6      | Reached skill level 1 in Fighting
  8538 | D:7      | Found a staircase to the Ecumenical Temple.
  8946 | D:7      | Reached skill level 7 in Conjurations
  9357 | D:8      | Reached XP level 9. HP: 64/64 MP: 13/25
  9401 | D:8      | Noticed ciphuk's ghost (experienced DrBe)
  9582 | D:8      | Got an obsidian-encrusted scale mail
  9593 | D:8      | Identified the +4 scale mail of Irygimicuos {rC+ Str+1 Dex+3} (You found it on level 8 of the Dungeon)
  9614 | D:8      | Found a shattered altar of Ashenzari.
  9958 | D:8      | Found a staircase to the Lair.
 10308 | D:8      | Learned a level 3 spell: Static Discharge
 10311 | D:8      | Learned a level 2 spell: Swiftness
 10314 | D:8      | Learned a level 2 spell: Repel Missiles
 13152 | D:9      | Reached skill level 5 in Armour
 13390 | D:9      | Reached skill level 8 in Conjurations
 13625 | D:9      | Noticed Duvessa
 13639 | D:9      | Noticed Dowan
 13820 | D:9      | Reached skill level 5 in Dodging
 13971 | D:9      | Killed Duvessa
 14023 | D:9      | Learned a level 4 spell: Iskenderun's Mystic Blast
 14053 | D:9      | Killed Dowan
 14357 | D:9      | Reached XP level 10. HP: 72/72 MP: 19/28
 14784 | D:5      | Bought a crystal ball of energy for 540 gold pieces
 14917 | D:10     | Entered Level 10 of the Dungeon
 15874 | D:9      | Reached skill level 1 in Air Magic
 16213 | D:10     | Found a staircase to the Orcish Mines.
 16433 | D:9      | Reached skill level 9 in Conjurations
 17194 | D:10     | Noticed a hill giant
 17204 | D:10     | Killed a hill giant
 17310 | D:10     | Noticed a hill giant
 17521 | D:11     | Reached skill level 1 in Hexes
 17921 | D:10     | Killed a hill giant
 17921 | D:10     | Reached XP level 11. HP: 68/80 MP: 13/29
 19709 | D:11     | Killed an unseen horror
 21117 | D:12     | Reached skill level 10 in Conjurations
 21695 | D:12     | Noticed Joseph
 21718 | D:12     | Killed Joseph
 21847 | D:12     | Found Prai's Gadget Shop.
 21857 | D:12     | Bought a wand of flame (10) for 84 gold pieces
 21883 | D:12     | Noticed Josephine
 22158 | D:13     | Noticed a centaur warrior
 22175 | D:13     | HP: 4/81 [centaur warrior (8)]
 22498 | D:13     | Killed a centaur warrior
 23165 | D:13     | Found a gate to the Vaults.
 23336 | D:13     | HP: 3/81 [centaur/arrow (5)]
 23794 | D:12     | Killed Josephine
 24133 | Lair:1   | Entered Level 1 of the Lair of Beasts
 25139 | Lair:2   | Reached XP level 12. HP: 78/89 MP: 23/32
 26010 | Lair:2   | Noticed a seven-headed hydra
 26018 | Lair:2   | Killed a seven-headed hydra
 26817 | Lair:2   | Reached skill level 10 in Spellcasting
 26968 | Lair:2   | Learned a level 3 spell: Mephitic Cloud
 26995 | Lair:2   | Reached skill level 11 in Conjurations
 27184 | Lair:2   | Got a sparkling brass amulet
 27914 | Lair:2   | Learned a level 3 spell: Conjure Flame
 28458 | Lair:3   | Noticed an eight-headed hydra
 28472 | Lair:4   | Killed an eight-headed hydra
 29201 | Lair:3   | Identified the amulet "Mauwyss" {rCorr rC+} (You found it on level 2 of the Lair of Beasts)
 29288 | Lair:3   | Noticed a six-headed hydra
 29295 | Lair:3   | Killed a six-headed hydra
 29570 | Lair:3   | Noticed a five-headed hydra
 29577 | Lair:3   | Killed a five-headed hydra
 31011 | Lair:4   | Reached XP level 13. HP: 96/96 MP: 21/34
 32111 | Lair:5   | Found a staircase to the Snake Pit.
 32748 | Lair:5   | Found a staircase to the Shoals.
 33381 | Lair:6   | Reached skill level 1 in Evocations
 33861 | Orc:1    | Entered Level 1 of the Orcish Mines
 34788 | Orc:3    | Reached skill level 12 in Conjurations
 35023 | Orc:3    | Noticed Harold
 35036 | Orc:3    | Killed Harold
 36112 | Orc:4    | Entered Level 4 of the Orcish Mines
 36873 | Orc:4    | Learned a level 5 spell: Iskenderun's Battlesphere
 36900 | Orc:4    | Reached skill level 1 in Charms
 36988 | Orc:4    | Upgraded the game from 0.16-a0-282-ga87e286 to 0.16-a0-286-g6bac339
 38452 | Orc:4    | Found Oruethie's Distillery.
 38452 | Orc:4    | Found Ima Pnuff's Gadget Shop.
 38455 | Orc:4    | Found Phuodem's Antique Armour Emporium.
 38457 | Orc:4    | Found Psioh Binipt's Jewellery Boutique.
 38468 | Orc:4    | Bought a pair of boots for 85 gold pieces
 38484 | Orc:4    | Bought a wand of heal wounds (5) for 810 gold pieces
 38486 | Orc:4    | Bought a potion of haste for 84 gold pieces
 38486 | Orc:4    | Bought a potion of heal wounds for 36 gold pieces
 38486 | Orc:4    | Bought a potion of haste for 84 gold pieces
 38701 | Orc:4    | Found a deep blue altar of Sif Muna.
 38715 | Orc:4    | Learned a level 3 spell: Flight
 38718 | Orc:4    | Identified Sif Muna's Handbook of Battle Magic
 38871 | Orc:4    | Identified a scroll of acquirement
 38874 | Orc:4    | Got a heavily runed shield
 38881 | Orc:4    | Identified the +5 shield "Jeeraer" {Str+1 Dex-4} (You acquired it on level 4 of the Orcish Mines)
 39744 | Lair:6   | Learned a level 2 spell: Stoneskin
 39868 | Lair:6   | Reached skill level 5 in Stealth
 40976 | Lair:6   | Reached XP level 14. HP: 104/104 MP: 18/35
 41529 | Lair:7   | Upgraded the game from 0.16-a0-286-g6bac339 to 0.16-a0-296-gbdb9f68
 42165 | Lair:7   | Reached skill level 13 in Conjurations
 42947 | Lair:7   | Found a staircase to the Slime Pits.
 43580 | Slime:1  | Entered Level 1 of the Pits of Slime
 43808 | Slime:1  | Noticed an acid blob
 43962 | Lair:8   | Entered Level 8 of the Lair of Beasts
 45080 | Lair:8   | Got a twisted scale mail
 45091 | Lair:8   | Identified the +2 scale mail "Tryh" {MR++ Str+3} (You found it on level 8 of the Lair of Beasts)
 45147 | Lair:8   | Learned a level 4 spell: Enslavement
 45818 | Lair:8   | Reached skill level 1 in Poison Magic
 47532 | Lair:6   | Noticed Snorg
 47542 | Lair:6   | Killed Snorg
 47946 | Snake:1  | Entered Level 1 of the Snake Pit
 49875 | Snake:2  | Reached skill level 1 in Fire Magic
 49875 | Snake:2  | Reached XP level 15. HP: 108/111 MP: 10/37
 50102 | Snake:2  | Noticed Nikola
 50130 | Snake:2  | Killed Nikola
 50718 | Snake:2  | Reached skill level 10 in Dodging
 52501 | D:8      | Killed ciphuk's ghost
 52666 | D:9      | Noticed a fire giant
 52681 | D:9      | Killed from afar by a fire giant

Action                   |  1- 3 |  4- 6 |  7- 9 | 10-12 | 13-15 || total
-------------------------+-------+-------+-------+-------+-------++-------
Melee: Unarmed           |     2 |       |       |       |       ||     2
       Short sword       |    42 |    42 |    55 |   249 |   472 ||   860
 Cast: Magic Dart        |    80 |   153 |   274 |   425 |   752 ||  1684
       Searing Ray       |     2 |    15 |    84 |   134 |   151 ||   386
       Dazzling Spray    |       |     1 |     4 |    24 |    45 ||    74
       Static Discharge  |       |       |     8 |    78 |    46 ||   132
       Iskenderun's Myst |       |       |     3 |   159 |   198 ||   360
       Repel Missiles    |       |       |     2 |     2 |    10 ||    14
       Swiftness         |       |       |       |     1 |       ||     1
       Mephitic Cloud    |       |       |       |     2 |    10 ||    12
       Iskenderun's Batt |       |       |       |       |    74 ||    74
       Conjure Flame     |       |       |       |       |    18 ||    18
       Stoneskin         |       |       |       |       |     6 ||     6
       Flight            |       |       |       |       |     1 ||     1
       Enslavement       |       |       |       |       |     3 ||     3
Evoke: Wand              |       |       |       |    19 |    75 ||    94
       Crystal ball of e |       |       |       |       |     1 ||     1
  Use: Potion            |     6 |     1 |     6 |     5 |     8 ||    26
       Scroll            |     2 |     3 |     9 |    16 |    16 ||    46
 Stab: Sleeping          |     1 |       |       |       |     2 ||     3
       Invisible         |       |       |       |     2 |     1 ||     3
  Eat: Chunk             |     4 |    10 |    17 |    23 |    47 ||   101
       Fruit             |       |     1 |     3 |     7 |    10 ||    21
       Bread ration      |       |       |     2 |     5 |     2 ||     9
       Beef jerky        |       |       |       |     2 |     4 ||     6
       Meat ration       |       |       |       |     1 |       ||     1
       Pizza             |       |       |       |     1 |       ||     1
       Royal jelly       |       |       |       |       |     1 ||     1
